 Dungeon Crawl Stone Soup version 0.27-a0-679-g77a6b55cf3 (webtiles) character file.

Game seed: 17847045785697509847

8 night the Grasshopper (level 2, -2/19 HPs)
             Began as a Halfling Warper on Mar 18, 2021.
             Slain by a kobold
             ... wielding a +0 short sword
              (5 damage)
             ... on level 1 of the Dungeon.
             The game lasted 00:01:24 (188 turns).

night the Grasshopper (Halfling Warper)              Turns: 188, Time: 00:01:25

Health: -2/19      AC:  3    Str: 12    XL:     2   Next: 15%
Magic:  4/4        EV: 14    Int: 11    God:
Gold:   0          SH:  0    Dex: 13    Spells: 4/4 levels left

rFire    . . .     SeeInvis .   a - +0 short sword
rCold    . . .     Faith    .   (shield restricted)
rNeg     . . .     Spirit   .   b - +0 leather armour
rPois    .         Reflect  .   (no helmet)
rElec    .         Harm     .   (no cloak)
rCorr    .         Rampage  .   (no gloves)
Will     .....                  (no boots)
Stlth    +.........             (no amulet)
HPRegen  0.06/turn              (no ring)
MPRegen  0.09/turn              (no ring)

@: no status effects
A: small, no large weapons, mutation resistance 1
a: no special abilities


You were on level 1 of the Dungeon.
You visited 1 branch of the dungeon, and saw 2 of its levels.

Inventory:

Hand Weapons
 a - a +0 short sword (weapon)
Missiles
 c - 17 stones
 e - 5 boomerangs of dispersal (quivered)
Armour
 b - a +0 leather armour (worn)


   Skills:
 + Level 2.0 Fighting
 + Level 2.7 Short Blades
 + Level 1.3(1.7) Slings
 - Level 1.0(1.1) Throwing
 - Level 1.1 Armour
 - Level 2.1 Dodging
 - Level 1.5 Spellcasting
 - Level 3.2 Translocations


You had 4 spell levels left.
You didn't know any spells.
Your spell library contained the following spells:

 Spells                   Type           Power      Damage    Failure   Level
 Blink                    Tloc           N/A        N/A       16%         2
 Gell's Gravitas          Tloc           4%         N/A       30%         3
 Lesser Beckoning         Tloc           4%         N/A       30%         3
 Teleport Other           Tloc           8%         N/A       30%         3
 Manifold Assault         Tloc           8%         N/A       69%         4


Dungeon Overview and Level Annotations

Branches:
Dungeon (2/15)

Altars:


Innate Abilities, Weirdness & Mutations

You are small and have problems with some larger weapons.
You are somewhat resistant to further mutation.


Message History

You aren't carrying any potions.
The rat closely misses you. The leopard gecko bites you. The rat bites you.
The rat bites you. The rat bites you but does no damage.
A bat comes into view.
The leopard gecko bites you.
The bat moves out of view.
You see here 5 gold pieces.
There is a stone staircase leading up here.
The bat barely misses you.
The leopard gecko completely misses you.
The leopard gecko barely misses you.
You climb upwards.
A rat comes into view.
The rat twitches its whiskers.
There is a stone staircase leading down here.
You closely miss the bat. The bat barely misses you.
The bat hits you but does no damage. The rat bites you but does no damage.
The leopard gecko misses you. The rat closely misses you. The bat hits you.
You hit the bat.
The bat is moderately wounded.
The bat hits you but does no damage. The leopard gecko closely misses you.
The rat barely misses you. The rat bites you.
You aren't carrying any potions.
Okay, then.
Blink to where?
Press: ? - help, Dir - move target
As you read the scroll of blinking, it crumbles to dust.
A ball python, a quokka and a kobold come into view.
The ball python hisses angrily.
The kobold shouts!
You hear a shout!
You aren't carrying any scrolls.
You aren't carrying any potions.
You hit the kobold.
The kobold is severely wounded.
The rat barely misses you.
The kobold hits you with a +0 short sword.
* * * LOW HITPOINT WARNING * * *
You barely miss the kobold.
The kobold is severely wounded.
The rat barely misses you.
The kobold hits you with a +0 short sword.
You die...

# # ##
######
....###....#
#........#
#ยง...#
##r### #b#
##r# #@.#
#K## .rS#
.....#
####..# #.##
#. ..


You could see a quokka, a bat, a ball python, a kobold and 2 rats.

Vanquished Creatures
  A dart slug (D:1)
  A giant cockroach (D:1)
  2 goblins (D:1)
  A hobgoblin (D:1)
5 creatures vanquished.

Notes
Turn   | Place    | Note
-------+----------+-------------------------------------------
     0 | D:1      | night the Halfling Warper began the quest for the Orb.
     0 | D:1      | Reached XP level 1. HP: 14/14 MP: 3/3
    94 | D:1      | Reached skill level 1 in Slings
   141 | D:1      | Reached skill level 2 in Fighting
   141 | D:1      | Reached XP level 2. HP: 18/19 MP: 4/4
   188 | D:1      | Slain by a kobold

Illustrated notes

Levels and vault maps discovered:
D:1:      lemuel_arrival_behind_the_door_small, layout_rooms
D:2:      layout_rooms, nicolae_underground_beach

Skill      XL: |  1 |
---------------+----+-----
Slings         | 1 |  1.3
Fighting       | 2 |  2.0
Short Blades   | |  2.7
Throwing       | |  1.0
Armour         | |  1.1
Dodging        | |  2.1
Spellcasting   | |  1.5
Translocations | |  3.2

Action                   || total
-------------------------++-------
Melee: Short sword       ||    23
  Use: Scroll            ||     1
Armor: Leather armour    ||    11
Dodge: Dodged            ||    39

Table legend: (Time is in decaauts)
 A = Elapsed time spent in this place.
 B = Non-inter-level travel time spent in this place.
 C = Inter-level travel time spent in this place.
 D = Time resting spent in this place.
 E = Time spent auto-exploring this place.
 F = Levels seen in this place.
 G = Mean time per level.
                   A        B        C        D        E       F      G
               +--------+--------+--------+--------+--------+-----+--------+
         Total |    188 |    188 |      0 |      8 |    104 |   2 |   94.0 |
       Dungeon |    188 |    188 |      0 |      8 |    104 |   2 |   94.0 |
               +--------+--------+--------+--------+--------+-----+--------+

Top non-repeatable levels by time:
     D:1: 182 daAuts
     D:2: 5 daAuts
